 Dungeon Crawl Stone Soup version 0.31-a0-236-g9a0961fb85 (webtiles) character file.

Game seed: 12111337703342047133

100 qw the Shooter (level 4, -2/36 HPs)
             Began as a Minotaur Hexslinger on July 10, 2023.
             Slain by a gnoll
             ... wielding a +0 spear
              (5 damage)
             ... on level 4 of the Dungeon.
             The game lasted 00:00:37 (2388 turns).

qw the Shooter (Minotaur Hexslinger)                Turns: 2388, Time: 00:00:37

Health: -2/36      AC:  6    Str: 18    XL:     4   Next: 47%
Magic:  4/4        EV: 11    Int: 10    God:
Gold:   66         SH:  0    Dex: 15    Spells: 4/5 levels left

rFire   . . .        r - +1 sling (heavy)
rCold   . . .        (no shield)
rNeg    + . .        d - +0 ring mail
rPois   .            (helmet restricted)
rElec   .            h - +0 cloak
rCorr   .            (no gloves)
SInv    .            (no boots)
Will    .....        (no amulet)
Stlth   +            a - ring of positive energy
HPRegen 0.26/turn    o - +6 ring of strength
MPRegen 0.09/turn

%: no passive effects
@: no status effects
A: horns 2, retaliatory headbutt
a: no special abilities


You were on level 4 of the Dungeon.
You visited 1 branch of the dungeon, and saw 4 of its levels.

You collected 176 gold pieces.
You spent 110 gold pieces at shops.


Innate Abilities, Weirdness & Mutations

You have a pair of horns on your head.
You reflexively headbutt those who attack you in melee.


   Skills:
 - Level 2.0 Fighting
 + Level 4.8 Ranged Weapons
 - Level 1.2 Armour
 - Level 2.1 Dodging
 - Level 1.0 Spellcasting
 - Level 2.0 Hexes


You had 4 spell levels left.
You knew the following spells:

 Your Spells              Type           Power      Damage    Failure   Level
a - Slow                  Hex            16%        N/A       26%         1

Your spell library contained the following spells:

 Spells                   Type           Power      Damage    Failure   Level
 Inner Flame              Hex/Fire       2%         N/A       77%         3
 Portal Projectile        Hex/Tloc       4%         N/A       77%         3
 Cause Fear               Hex            2%         N/A       95%         4

Inventory:

Hand Weapons
 r - a +1 heavy sling (weapon)
Armour
 d - a +0 ring mail (worn)
 h - a +0 cloak (worn)
Jewellery
 a - a ring of positive energy (left hand)
 c - a +4 ring of protection
 o - a +6 ring of strength (right hand)
Scrolls
 m - a scroll of brand weapon
 q - 4 scrolls of identify
Potions
 b - 2 potions of enlightenment
 e - 4 potions of curing
 f - a potion of magic
 g - a potion of heal wounds
 i - a potion of cancellation {unknown}
 j - a potion of brilliance {unknown}
 n - a potion of lignification {unknown}
 p - a potion of haste {unknown}
 s - a potion of resistance {unknown}

Dungeon Overview and Level Annotations

Branches:
Dungeon (4/15)
 Temple: D:4-7

Altars:
Ashenzari
Gozag
Nemelex Xobeh
Xom

Shops:
D:3 *


Message History

The orc hits you but does no damage. The gnoll hits you with a +0 club.
The gnoll hits you with a +0 spear!
The goblin unwields a +0 club.
The goblin wields a +0 sling.
The goblin shoots a sling bullet.
The sling bullet hits you but does no damage.
The gnoll hits you with a +0 spear.
Enter note:
Enter note:
Enter note: You shoot a sling bullet.
The sling bullet hits the gnoll!
The gnoll is severely wounded.
The gnoll hits you from afar with a +0 spear.
The gnoll barely misses you. The gnoll hits you but does no damage.
The goblin shoots a sling bullet.
The sling bullet hits you. The gnoll barely misses you.
You furiously retaliate!
You headbutt the gnoll!
You kill the gnoll!
The gnoll hits you with a +0 spear. The gnoll closely misses you.
The gnoll misses you.
You shoot a sling bullet. The sling bullet hits the gnoll.
The gnoll is lightly wounded.
The orc hits you but does no damage.
The gnoll hits you from afar with a +0 spear.
The gnoll misses you. The gnoll barely misses you. You furiously retaliate!
You headbutt the gnoll.
The goblin unwields a +0 sling.
The goblin wields a +0 club.
The goblin hits you but does no damage. The gnoll closely misses you.
You furiously retaliate!
You headbutt the gnoll. The gnoll hits you with a +0 club.
The gnoll hits you from afar with a +0 spear.
The orc hits you but does no damage. The goblin closely misses you.
You furiously retaliate!
You headbutt the goblin!
You kill the goblin!
You shoot a sling bullet. The sling bullet hits the gnoll!
The gnoll is almost dead.
The orc barely misses you. The orc closely misses you.
The gnoll hits you from afar with a +0 spear.
The orc barely misses you. The gnoll hits you with a +0 club.
The gnoll closely misses you. The gnoll hits you with a +0 club.
The gnoll hits you with a +0 spear. The orc hits you but does no damage.
The orc hits you from afar with a +0 trident.
The gnoll hits you from afar with a +0 spear.
You die...

.#.#.#
#########.#.#.#
..............
............#
............#
............#
......g.gg..#
.......@o...#
.......)oo..#
............#
............#
..../.......#
#############


You could see 3 gnolls and 3 orcs.

Vanquished Creatures
  3 gnolls (D:4)
  4 adders (D:4)
  A worm (D:2)
  2 dart slugs
  2 ball pythons
  3 endoplasms
  5 goblins
  A hobgoblin (D:2)
  2 quokkas
  2 bats
  A frilled lizard (D:1)
  5 kobolds
  2 rats
33 creatures vanquished.

Notes
Turn   | Place    | Note
-------+----------+-------------------------------------------
     0 | D:1      | qw the Minotaur Hexslinger began the quest for the Orb.
     0 | D:1      | Reached XP level 1. HP: 16/16 MP: 1/1
     0 | D:1      | 0 ||| qw: Version: 0.3-a-52-g30416fa
     0 | D:1      | 0 ||| qw: Game counter: 4765
     0 | D:1      | 0 ||| qw: Melee chars always use a shield: true
     0 | D:1      | 0 ||| qw: God list: Okawaru
     0 | D:1      | 0 ||| qw: Allow faded altars: false
     0 | D:1      | 0 ||| qw: Do Orc after clearing Dungeon:15 true
     0 | D:1      | 0 ||| qw: Do second Lair branch before Depths: true
     0 | D:1      | 0 ||| qw: Lair rune preference: random
     0 | D:1      | 0 ||| qw: Goals: Normal
     0 | D:1      | 0 ||| PLANNING D:1-11
   252 | D:1      | Reached skill level 3 in Ranged Weapons
   254 | D:1      | Reached XP level 2. HP: 23/23 MP: 2/2
   698 | D:1      | 698 ||| UPGRADING to +0 cloak.
   703 | D:1      | 703 ||| READING scroll labelled OWUCWAU QULLUIGH.
   707 | D:1      | 707 ||| DRINKING 3 purple potions.
   708 | D:1      | 708 ||| DROPPING scroll of poison.
  1408 | D:2      | 1408 ||| UPGRADING to ring of positive energy.
  1409 | D:2      | 1409 ||| READING scroll labelled ONWAAS HEZUZXI.
  1410 | D:2      | 1410 ||| READING scroll labelled RUUG VA BOH.
  1411 | D:2      | 1411 ||| DRINKING 2 bubbling yellow potions.
  1518 | D:3      | Found Hujaciss's General Store.
  1527 | D:3      | 1527 ||| BUYING potion of enlightenment (55 gold).
  1527 | D:3      | Bought a potion of enlightenment for 55 gold pieces
  1527 | D:3      | 1527 ||| BUYING potion of heal wounds (55 gold).
  1527 | D:3      | Bought a potion of heal wounds for 55 gold pieces
  1527 | D:3      | 1527 ||| SHOPLISTING scroll of enchant armour (82 gold,
                  | have 5).
  1849 | D:3      | Reached XP level 3. HP: 28/29 MP: 3/3
  2011 | D:3      | Found a faded altar of an unknown god.
  2014 | D:3      | 2014 ||| UPGRADING to +0 ring mail.
  2024 | D:3      | 2024 ||| DROPPING +0 robe.
  2025 | D:3      | 2025 ||| UPGRADING to +6 ring of strength.
  2026 | D:3      | 2026 ||| READING scroll labelled JAINIPSUUMY.
  2127 | D:3      | 2127 ||| READING 2 scrolls labelled POINWA BAMUM.
  2128 | D:3      | 2128 ||| READING scroll labelled DEAHAVV TEROOQ.
  2199 | D:4      | Found a shimmering altar of Xom.
  2205 | D:4      | Reached skill level 4 in Ranged Weapons
  2212 | D:4      | Found an opulent altar of Gozag.
  2215 | D:4      | 2215 ||| READING 4 scrolls of identify.
  2215 | D:4      | 2215 ||| IDENTIFYING viscous sapphire potion
  2219 | D:4      | Found a sparkling altar of Nemelex Xobeh.
  2221 | D:4      | Found a broken altar of Ashenzari.
  2228 | D:4      | Reached skill level 1 in Armour
  2306 | D:4      | Reached XP level 4. HP: 31/36 MP: 4/4
  2381 | D:4      | HP: 8/36 [gnoll/+0 spear (4)]
  2382 | D:4      | 2382 ||| READING scroll of teleportation.
  2383 | D:4      | 2383 ||| DRINKING 2 potions of heal wounds.
  2388 | D:4      | HP: 8/36 [gnoll/+0 club (2)]
  2388 | D:4      | HP: 3/36 [orc/+0 trident (2)]
  2388 | D:4      | Slain by a gnoll

Levels and vault maps discovered:
D:1:      minmay_arrival_pointy, layout_loops_ring
D:2:      layout_loops_ring
D:3:      layout_loops_ring, dilly_ecumenical_altar_fadedgnrine, serial_shops,
          shop
D:4:      layout_basic, nicolae_overflow_macrodata_refinement

Skill      XL: |  1  2  3 |
---------------+----------+-----
Ranged Weapons | 3 4 |  4.8
Fighting       | 2 |  2.0
Armour         | 1 |  1.2
Dodging        | |  2.1
Spellcasting   | |  1.0
Hexes          | |  2.0

Action                     |  1- 3 |  4- 6 || total
---------------------------+-------+-------++-------
   Fire: Sling             |    75 |    11 ||    86
    Use: Scroll            |     7 |     1 ||     8
         Potion            |     2 |     1 ||     3
 Armour: Robe              |     1 |       ||     1
         Ring mail         |     7 |    14 ||    21
  Dodge: Dodged            |    18 |    23 ||    41

Table legend:
 A = Non-vault XP
 B = Vault XP
 C = Vault XP percentage of total XP
 D = Non-vault monster count
 E = Vault monster count
 F = Vault count percentage of total count
                 A         B        C        D         E       F
            +---------+---------+-------+---------+---------+-------
      Total |     144 |       0 |   0.0 |      33 |       0 |   0.0
            +---------+---------+-------+---------+---------+-------
        D:1 |      19 |       0 |   0.0 |      11 |       0 |   0.0
        D:2 |      14 |       0 |   0.0 |       7 |       0 |   0.0
        D:3 |      11 |       0 |   0.0 |       6 |       0 |   0.0
        D:4 |     100 |       0 |   0.0 |       9 |       0 |   0.0
            +---------+---------+-------+---------+---------+-------
